 Dungeon Crawl Stone Soup version 0.15.2 (webtiles) character file.

184 magipi the Chopper (level 5, 0/42 HPs)
             Began as a Hill Orc Gladiator on May 30, 2016.
             Succumbed to poison (a potion of poison)
             ... on Level 4 of the Dungeon.
             The game lasted 00:16:09 (2421 turns).

magipi the Chopper (Hill Orc Gladiator)             Turns: 2421, Time: 00:16:09

HP   0/42        AC  6     Str 18      XL: 5   Next: 64%
MP   5/5         EV 11     Int 13      God:
Gold 83          SH  0     Dex 12      Spells:  0 memorised,  4 levels left

rFire  + . .     SeeInvis .     a - +0 war axe
rCold  + . .     Clarity  .     o - +0 leather armour (curse)
rNeg   . . .     rCorr    +     (no shield)
rPois  +         rRot     .     c - +0 helmet
rElec  +         Spirit   .     m - +0 cloak {MR+}
SustAb .         Warding  .     q - +0 pair of gloves
rMut   .         Stasis   .     (no boots)
Gourm  .                        (no amulet)
MR     +....                    (no ring)
                                i - cursed ring of invisibility

@: brilliant, lethally poisoned, exhausted, resistant, slowed, very slow,
somewhat resistant to hostile enchantments, very unstealthy
A: no striking features
a: Evoke Invisibility


You were on level 4 of the Dungeon.
You were hungry.

You visited 1 branch of the dungeon, and saw 4 of its levels.

You collected 83 gold pieces.

Inventory:

Hand weapons
 a - a +0 war axe (weapon)
Missiles
 d - 2 throwing nets (quivered)
 e - 18 stones
Armour
 c - a +0 helmet (worn)
 m - a +0 cloak of magic resistance (worn)
 n - a +0 chain mail
 o - a cursed +0 leather armour (worn)
 q - a +0 pair of gloves (worn)
Magical devices
 r - a wand of draining (4) {unknown}
Comestibles
 b - 3 bread rations
 f - 4 meat rations
 g - 3 fruits
 h - a beef jerky
Jewellery
 i - a cursed ring of invisibility (left hand)
Potions
 k - a potion of restore abilities


   Skills:
 - Level 2.4 Fighting
 + Level 6.4 Axes
 + Level 4.1 Throwing
 - Level 2.4 Dodging


You had 4 spell levels left.
You didn't know any spells.

Dungeon Overview and Level Annotations

Branches:
Dungeon (4/15)
 Temple: D:4-7

Altars:

Annotations:
D:3 dig
D:4 Grinder

Vault maps used:
D:1:      zaba_arrival_water
D:2:      uniq_crazy_yiuf_cottage
D:3:      lightli_corner_chamber
D:4:      nicolae_overflow_hidden_temple, uniq_grinder


Message History

The orc wizard hits you but does no damage.
You barely miss the orc wizard. The orc wizard hits you with a dagger.
Throwing (i - inventory. (,) - cycle):
d - 2 throwing nets (quivered)
Press: ? - help, Shift-Dir - straight line, f/p - orc wizard
Aim: an orc wizard, wielding a dagger and wearing a robe You throw a throwing net.
The throwing net hits the orc wizard.
The orc wizard is caught in the net!
The orc wizard struggles to escape the net.
The orc wizard struggles against the net.
The helpless orc wizard fails to defend itself.
You slash the orc wizard!
The orc wizard is heavily wounded.
The orc wizard struggles against the net.
You completely miss the orc wizard.
The orc wizard is moderately wounded.
The orc wizard gestures at you while chanting.
The puff of flame hits you!
The orc wizard struggles to escape the net.
You barely miss the orc wizard.
The orc wizard is moderately wounded.
The helpless orc wizard fails to defend itself.
You hit the orc wizard.
The orc wizard is heavily wounded.
The orc wizard casts a spell at you.
You are confused.
The orc wizard struggles against the net.
Unknown command.
Unknown command.
The orc wizard struggles against the net.
Unknown command.
The orc wizard struggles to escape the net.
The orc wizard breaks free.
Unknown command.
Drink which item? (? for menu, Esc to quit)
You feel refreshed.
It was a potion of restore abilities.
The orc wizard gestures at you while chanting.
The puff of flame hits you!
* * * LOW HITPOINT WARNING * * *
Drink which item? (? for menu, Esc to quit)
That liquid tasted very nasty...
You are lethally poisoned!
It was a potion of poison.
* * * LOW HITPOINT WARNING * * *
You feel sick. The orc wizard hits you with a dagger.
* * * LOW HITPOINT WARNING * * *
Drink which item? (? for menu, Esc to quit)
You feel clever all of a sudden.
It was a potion of brilliance.
You feel less confused.
* * * LOW HITPOINT WARNING * * *
You feel sick. The orc wizard closely misses you.
Drink which item? (? for menu, Esc to quit)
A red film seems to cover your vision as you go berserk!
You feel yourself moving faster!
You feel mighty!
It was a potion of berserk rage.
* * * LOW HITPOINT WARNING * * *
You feel sick. The orc wizard barely misses you.
You slice the orc wizard!!
You kill the orc wizard!
* * * LOW HITPOINT WARNING * * *
You feel sick.
d - 2 throwing nets (gained 1)
Things that are here:
a dagger; a robe
* * * LOW HITPOINT WARNING * * *
You feel sick.
You feel a strong urge to attack something.
You are too berserk!
* * * LOW HITPOINT WARNING * * *
You feel sick.
You feel your anger subside.
You are no longer berserk.
You are exhausted.
You feel yourself slow down.
You are feeling hungry.
* * * LOW HITPOINT WARNING * * *
You feel sick.
Drink which item? (? for menu, Esc to quit)
You feel protected.
It was a potion of resistance.
* * * LOW HITPOINT WARNING * * *
You feel sick.
Drop what? (_ for help) (? for menu, Esc to quit)
You drop a potion of poison.
* * * LOW HITPOINT WARNING * * *
You feel sick.
Put on which piece of jewellery? (? for menu, Esc to quit)
Oops, that ring feels deathly cold.
i - a cursed ring of invisibility (left hand)
* * * LOW HITPOINT WARNING * * *
You feel sick.
Drink which item? (? for menu, Esc to quit)
Okay, then.
* * * LOW HITPOINT WARNING * * *
You feel sick.
Things that are here:
a dagger; a robe Unknown command.
Unknown command.
You die...

.#.###.....##.#.....#
........<..##.#####.#
.#..##.....##. #....#
.#..##.....##.##.##.#
.o..##.######.!.....#
..o###.# #######)####
.......# #...# #.#
.......###...###.#
#.####.#.......#@#
.##.............#
#.##.#.#.......###
.......###...###
)(##### #>..# #.#
##### #


There were no monsters in sight!

Table legend:
 A = Kills in this place as a percentage of kills in entire the game.
 B = Kills by you in this place as a percentage of kills by you in the entire game.
 C = Kills by friends in this place as a percentage of kills by friends in the entire game.
 D = Other kills in this place as a percentage of other kills in the entire game.
 E = Experience gained in this place as a percentage of experience gained in the entire game.
 F = Experience gained in this place divided by the number of levels of this place that you have seen.
                   A       B       C       D       E      F
               +-------+-------+-------+-------+-------+----------------------
         Total | 100.0 | 100.0 |  -nan |  -nan | 100.0 |  66.0
       Dungeon | 100.0 | 100.0 |  -nan |  -nan | 100.0 |  66.0
               +-------+-------+-------+-------+-------+----------------------

Vanquished Creatures
  Crazy Yiuf (D:2)
  An orc wizard (D:4)
  A worker ant (D:4)
  4 adders (D:2)
  A giant mite (D:4)
  2 worms
  3 oozes
  An orc (D:3)
  2 ball pythons
  3 giant cockroaches
  8 goblins
  5 hobgoblins
  7 bats
  4 giant newts
  6 jackals
  5 kobolds
  A rat (D:3)
55 creatures vanquished.

Notes
Turn   | Place    | Note
--------------------------------------------------------------
     0 | D:1      | magipi, the Hill Orc Gladiator, began the quest for the Orb.
     0 | D:1      | Reached XP level 1. HP: 18/18 MP: 1/1
   158 | D:1      | Reached XP level 2. HP: 15/25 MP: 2/2
   626 | D:2      | Reached XP level 3. HP: 30/30 MP: 3/3
   710 | D:2      | Reached skill level 5 in Axes
  1072 | D:2      | Reached XP level 4. HP: 28/37 MP: 4/4
  1147 | D:2      | Noticed Crazy Yiuf
  1154 | D:2      | Killed Crazy Yiuf
  1764 | D:3      | Noticed an ogre
  1900 | D:3      | Reached XP level 5. HP: 42/42 MP: 5/5
  2187 | D:4      | Noticed Grinder
  2228 | D:4      | Reached skill level 6 in Axes
  2252 | D:4      | Noticed an ogre
  2415 | D:4      | HP: 2/42 [poison (a potion of poison)]
  2421 | D:4      | Succumbed to poison (a potion of poison)

Action                   |  1- 3 |  4- 6 || total
-------------------------+-------+-------++-------
Melee: War axe           |    85 |    90 ||   175
Throw: Throwing net      |     3 |     5 ||     8
  Use: Scroll            |     2 |     2 ||     4
       Potion            |       |     5 ||     5
 Stab: Held in net/web   |       |     3 ||     3
       Sleeping          |       |     1 ||     1
  Eat: Chunk             |       |     5 ||     5

Action                   |  1- 3 |  4- 6 || total
-------------------------+-------+-------++-------
Melee: War axe           |    85 |    90 ||   175
Throw: Throwing net      |     3 |     5 ||     8
  Use: Scroll            |     2 |     2 ||     4
       Potion            |       |     5 ||     5
 Stab: Held in net/web   |       |     3 ||     3
       Sleeping          |       |     1 ||     1
  Eat: Chunk             |       |     5 ||     5

Action                   |  1- 3 |  4- 6 || total
-------------------------+-------+-------++-------
Melee: War axe           |    85 |    90 ||   175
Throw: Throwing net      |     3 |     5 ||     8
  Use: Scroll            |     2 |     2 ||     4
       Potion            |       |     5 ||     5
 Stab: Held in net/web   |       |     3 ||     3
       Sleeping          |       |     1 ||     1
  Eat: Chunk             |       |     5 ||     5
